 Dungeon Crawl Stone Soup version 0.21.1-1-g345015f (webtiles) character file.

4 tidbits the Protected (level 1, 23/23 HPs)
             Began as a Gnoll Wanderer on Feb 6, 2018.
             Quit the game on level 1 of the Dungeon.
             The game lasted 00:03:03 (77 turns).

tidbits the Protected (Gnoll Wanderer)                Turns: 77, Time: 00:03:05

Health: 23/23      AC:  6    Str: 14    XL:     1   Next: 60%
Magic:  1/1        EV: 10    Int: 13    God:
Gold:   0          SH:  0    Dex: 15    Spells: 0/0 levels left

rFire    . . .     SeeInvis .   a - +2 hand crossbow
rCold    . . .     Gourm    .   (no shield)
rNeg     . . .     Faith    .   B - +0 ring mail
rPois    .         Spirit   .   (no helmet)
rElec    .         Reflect  .   (no cloak)
rCorr    .         Harm     .   (no gloves)
MR       .....                  (no boots)
Stlth    +.........             (no amulet)
HPRegen  0.07/turn              (no ring)
MPRegen  0.07/turn              (no ring)

@: no status effects
A: distributed training, fangs 1, strong nose
a: no special abilities


You were on level 1 of the Dungeon.
You were not hungry.

You visited 1 branch of the dungeon, and saw 2 of its levels.

Inventory:

Hand Weapons
 a - a +2 hand crossbow (weapon)
 b - a cursed -3 dagger
Missiles
 g - 18 bolts (quivered)
Armour
 B - a +0 ring mail (worn)
Scrolls
 e - a scroll of fear {unknown}
Potions
 c - a potion of lignification
 d - a potion of heal wounds {unknown}
Comestibles
 f - 2 rations


   Skills:
 + Level 6.4 Fighting
 + Level 0.0 Short Blades
 + Level 0.0 Long Blades
 + Level 0.0 Axes
 + Level 0.0 Maces & Flails
 + Level 0.0 Polearms
 + Level 0.0 Staves
 + Level 0.0 Slings
 + Level 0.0 Bows
 + Level 2.3 Crossbows
 + Level 0.0 Throwing
 + Level 8.4 Armour
 + Level 0.0 Dodging
 + Level 2.1 Stealth
 + Level 2.3 Shields
 + Level 0.0 Unarmed Combat
 + Level 0.0 Spellcasting
 + Level 0.0 Conjurations
 + Level 0.0 Hexes
 + Level 0.0 Charms
 + Level 0.0 Summonings
 + Level 0.0 Necromancy
 + Level 0.0 Translocations
 + Level 0.0 Transmutations
 + Level 0.0 Fire Magic
 + Level 0.0 Ice Magic
 + Level 0.0 Air Magic
 + Level 0.0 Earth Magic
 + Level 0.0 Poison Magic
 + Level 0.1 Invocations
 + Level 0.0 Evocations


You couldn't memorise any spells.
You didn't know any spells.

Dungeon Overview and Level Annotations

Branches:
Dungeon (2/15)

Altars:


Innate Abilities, Weirdness & Mutations

Your experience applies equally to all skills.
You have very sharp teeth.
Your uncanny sense of smell can sniff out nearby items.


Message History

Press: ? - help, Shift-Dir - straight line, f/p - frilled lizard
Aim: a frilled lizard You shoot a bolt.
The bolt hits the frilled lizard!
You kill the frilled lizard!
You see here a bolt.
g - 24 bolts (gained 1)
Found a stone staircase leading down.
A kobold comes into view. It is wielding a dagger.
The kobold shouts!
Found a leather armour.
Firing (i - inventory):
g - 24 bolts (quivered)
Press: ? - help, Shift-Dir - straight line, f - kobold
Aim: a kobold, wielding a dagger You shoot a bolt.
The bolt closely misses the kobold.
Firing (i - inventory):
g - 23 bolts (quivered)
Press: ? - help, Shift-Dir - straight line, f/p - kobold
Aim: a kobold, wielding a dagger You shoot a bolt.
The bolt misses the kobold.
Firing (i - inventory):
g - 22 bolts (quivered)
Press: ? - help, Shift-Dir - straight line, f/p - kobold
Aim: a kobold, wielding a dagger You shoot a bolt.
The bolt barely misses the kobold.
The kobold barely misses you. The kobold hits you but does no damage.
Firing (i - inventory):
g - 21 bolts (quivered)
Press: ? - help, Shift-Dir - straight line, f/p - kobold
Aim: a kobold, wielding a dagger You shoot a bolt.
The bolt hits the kobold but does no damage.
The kobold hits you but does no damage.
Firing (i - inventory):
g - 20 bolts (quivered)
Press: ? - help, Shift-Dir - straight line, f/p - kobold
Aim: a kobold, wielding a dagger You shoot a bolt.
The bolt hits the kobold!
You kill the kobold!
Things that are here:
a dagger; 3 bolts (m)acro, (M)acro raw, keymap [(k) default, (x) level-map, (t)argeting, (c)onfirm, m(e)nu], (s)ave?
Input macro trigger key: \{27} Input macro action:
Okay, then.
Unknown command. (m)acro, (M)acro raw, keymap [(k) default, (x) level-map, (t)argeting, (c)onfirm, m(e)nu], (s)ave?
Input macro trigger key: \{27} Input macro action:
Okay, then. (m)acro, (M)acro raw, keymap [(k) default, (x) level-map, (t)argeting, (c)onfirm, m(e)nu], (s)ave?
Input macro trigger key: \{27} Input macro action:
Okay, then.
Unknown command.
You see here a bolt.
g - 20 bolts (gained 1)
You see here a bolt.
g - 21 bolts (gained 1)
There is a stone staircase leading down here.
You climb downwards.
There is a stone staircase leading up here.
Found a ration and a twisted bone ring.
Found a stone staircase leading up.
Unknown command.
Found a robe.
There is a stone staircase leading up here.
You see here a ration.
f - 2 rations (gained 1)
There is a stone staircase leading up here.
You climb upwards.
A bat comes into view.
The bat hits you but does no damage.
There is a stone staircase leading down here.
Firing (i - inventory):
g - 21 bolts (quivered)
Press: ? - help, Shift-Dir - straight line, f - bat
Aim: a bat You shoot a bolt.
The bolt closely misses the bat.
The bat closely misses you.
Firing (i - inventory):
g - 20 bolts (quivered)
Press: ? - help, Shift-Dir - straight line, f/p - bat
Aim: a bat You shoot a bolt.
The bolt closely misses the bat.
The bat hits you but does no damage. x2
Firing (i - inventory):
g - 19 bolts (quivered)
Press: ? - help, Shift-Dir - straight line, f/p - bat
Aim: a bat You shoot a bolt.
The bolt misses the bat.
The bat hits you but does no damage. The bat misses you.
Firing (i - inventory):
g - 18 bolts (quivered)
Press: ? - help, Shift-Dir - straight line, f/p - bat
Aim: a bat You shoot a bolt.
The bolt closely misses the bat.
The bat hits you but does no damage. The bat barely misses you.
Firing (i - inventory):
g - 17 bolts (quivered)
Press: ? - help, Shift-Dir - straight line, f/p - bat
Aim: a bat You shoot a bolt.
The bolt hits the bat!
You kill the bat!
You see here a bolt.
g - 17 bolts (gained 1)
Things that are here:
a bolt; a bat corpse
g - 18 bolts (gained 1) 2 jackals come into view.
You see here 2 bolts.
Are you sure you want to abandon this character and quit the game? (Confirm with "yes".)

#.# .... #.#
..# #.#...#
#.#...
########...
#........#
#..# ####†>#
#....@#
#.##.......h.
# #......#.h
...##.....
###.# .....
#.# #.## #.#
.# #.. #


You could see 2 jackals.

Vanquished Creatures
  A goblin (D:1)
  A kobold (D:1)
  A bat (D:1)
  A frilled lizard (D:1)
4 creatures vanquished.

Notes
Turn   | Place    | Note
-------+----------+-------------------------------------------
     0 | D:1      | tidbits the Gnoll Wanderer began the quest for the Orb.
     0 | D:1      | tidbits set off with: a +2 hand crossbow, 25 bolts, a potion of lignification, a +0 ring mail, a ration
     0 | D:1      | Reached XP level 1. HP: 23/23 MP: 1/1
    77 | D:1      | Quit the game

Action                   || total
-------------------------++-------
 Fire: Hand crossbow     ||    15
Armor: Ring mail         ||     7
Dodge: Dodged            ||     5

Table legend:
 A = Turns spent in this place as a percentage of turns spent in the entire game.
 B = Non-inter-level travel turns spent in this place as a percentage of non-inter-level travel turns spent in the entire game.
 C = Inter-level travel turns spent in this place as a percentage of turns spent in this place.
 D = Turns resting spent in this place as a percentage of non-inter-level travel turns spent in this place.
 E = Turns spent auto-exploring this place as a percentage of non-inter-level travel turns spent in this place.
 F = Non-inter-level travel turns spent in this place divided by the number of levels of this place that you've seen.
                   A       B       C       D       E      F
               +-------+-------+-------+-------+-------+----------------------
         Total | 100.0 | 100.0 |   0.0 |   0.0 |   0.0 |  38.5
       Dungeon | 100.0 | 100.0 |   0.0 |   0.0 |   0.0 |  38.5
               +-------+-------+-------+-------+-------+----------------------

Table legend:
 A = Kills in this place as a percentage of kills in entire the game.
 B = Kills by you in this place as a percentage of kills by you in the entire game.
 C = Kills by friends in this place as a percentage of kills by friends in the entire game.
 D = Other kills in this place as a percentage of other kills in the entire game.
 E = Experience gained in this place as a percentage of experience gained in the entire game.
 F = Experience gained in this place divided by the number of levels of this place that you have seen.
                   A       B       C       D       E      F
               +-------+-------+-------+-------+-------+----------------------
         Total | 100.0 | 100.0 |   N/A |   N/A | 100.0 |   3.0
       Dungeon | 100.0 | 100.0 |   N/A |   N/A | 100.0 |   3.0
               +-------+-------+-------+-------+-------+----------------------

Vault maps used:
D:1:      lemuel_arrival_behind_the_door_large, minmay_strange_pillars
D:2:      lemuel_round_altar, grunt_dithmenos_smoke, uniq_natasha, uniq_terence
